[Event "ICCopen2017"]
[Site "Internet Chess Club"]
[Date "2017.03.19"]
[Round "4"]
[White "BillietheKid"]
[Black "lustigbridge"]
[Result "0-1"]
[ICCResult "White forfeits on time"]
[WhiteElo "1381"]
[BlackElo "1767"]
[Opening "Owen defense"]
[ECO "B00"]
[NIC "VO.01"]
[Time "19:49:44"]
[TimeControl "180+0"]

1. e4 b6 2. d4 Bb7 3. Nc3 Nf6 4. Bd3 e6 5. Nf3 Bb4 6. Qe2 O-O 7. Bd2 Bxc3 8.
Bxc3 d5 9. e5 Ne4 10. Bb4 c5 11. dxc5 bxc5 12. Ba3 Qa5+ 13. c3 Ba6 14. O-O
Nxc3 15. Bxh7+ Kxh7 16. Ng5+ Kg6 17. Qg4 f5 18. exf6 Rxf6 19. Nxe6+ Kf7 20.
Nxc5 Ne2+ 21. Kh1 Qd8 22. Nxa6 Nxa6 23. Qxe2 Nc7 24. Rae1 Ne6 25. Qe5 Qd7
26. Bb4 Re8 27. Bc3 d4 28. Bxd4 Qxd4 {White forfeits on time} 0-1

[Event "ICCopen2017"]
[Site "Internet Chess Club"]
[Date "2017.03.19"]
[Round "4"]
[White "anakinnn"]
[Black "Irenaeus"]
[Result "0-1"]
[ICCResult "White forfeits on time"]
[WhiteElo "1257"]
[BlackElo "1719"]
[Opening "King's pawn game"]
[ECO "C50"]
[NIC "IG.03"]
[Time "19:48:59"]
[TimeControl "180+0"]

1. e4 e5 2. Nf3 Nc6 3. Bc4 g6 4. c3 Bg7 5. d4 Nge7 6. dxe5 O-O 7. Bf4 h6 8.
h4 d5 9. exd5 Na5 10. d6 Nxc4 11. dxe7 Qxe7 12. Qc1 Nxe5 13. Nxe5 Bxe5 14.
Bxe5 Qxe5+ 15. Qe3 Qh5 16. Na3 Bg4 17. Qg3 Rfe8+ 18. Kf1 Rad8 19. Qxc7 Rd2
20. Qf4 Ree2 21. f3 Rf2+ 22. Ke1 Be6 23. Rd1 Qd5 24. Rxd2 Rxd2 25. Qxd2 Qxa2
26. Qd8+ Kg7 27. Qd4+ Kg8 28. Qd8+ Kg7 29. Qd1 Qxb2 30. Nb1 Qxg2 31. Qd4+
Kg8 32. Rg1 Qxf3 33. Rxg6+ fxg6 34. Qd8+ Kf7 35. Qc7+ Kf6
{White forfeits on time}
0-1

[Event "ICCopen2017"]
[Site "Internet Chess Club"]
[Date "2017.03.19"]
[Round "4"]
[White "daskapitallesen"]
[Black "ylr5000"]
[Result "0-1"]
[ICCResult "White checkmated"]
[WhiteElo "1841"]
[BlackElo "2287"]
[Opening "Nimzo-Indian: classical variation"]
[ECO "E32"]
[NIC "NI.20"]
[Time "19:49:42"]
[TimeControl "180+0"]

1. d4 Nf6 2. c4 e6 3. Nc3 Bb4 4. Qc2 O-O 5. a3 Bxc3+ 6. Qxc3 d5 7. cxd5 exd5
8. Bg5 h6 9. Bxf6 Qxf6 10. e3 c6 11. Nf3 Re8 12. Bd3 Bf5 13. O-O Nd7 14. Qc2
Bxd3 15. Qxd3 Re4 16. h3 Rae8 17. b4 a6 18. a4 Qd6 19. Rab1 b5 20. axb5 axb5
21. Rfc1 Nb6 22. Nd2 R4e6 23. Rc5 Rg6 24. Rbc1 Nc4 25. Nxc4 bxc4 26. Qa3 Qd7
27. Kh2 Qf5 28. Qb2 Ree6 29. Rc2 Rxg2+ 30. Kxg2 Rg6+ 31. Kf1 Qf3 32. Re2
Qh1# {White checkmated} 0-1

[Event "ICCopen2017"]
[Site "Internet Chess Club"]
[Date "2017.03.19"]
[Round "4"]
[White "Darnoc"]
[Black "fishbein"]
[Result "1-0"]
[ICCResult "Black forfeits on time"]
[WhiteElo "2961"]
[BlackElo "2639"]
[Opening "King's Indian: 4.e4"]
[ECO "E90"]
[NIC "KI.20"]
[Time "19:49:09"]
[TimeControl "180+0"]

1. d4 Nf6 2. c4 g6 3. Nc3 Bg7 4. e4 O-O 5. Nf3 d6 6. h3 a6 7. Bg5 c5 8. d5
b5 9. Bd3 e6 10. O-O b4 11. Ne2 a5 12. Qd2 e5 13. Nh2 Nbd7 14. g4 Qc7 15.
Ng3 a4 16. h4 Nb6 17. f3 b3 18. axb3 axb3 19. Rxa8 Nxa8 20. Qc3 Qb6 21. Ra1
Bd7 22. Ra3 Rb8 23. Nhf1 Qb4 24. Qc1 Nc7 25. Bd2 Qb7 26. Bc3 Ra8 27. Qa1
Rxa3 28. Qxa3 Na6 29. Nd2 Nb4 30. Qxb3 Qa7 31. Be2 Qa1+ 32. Kg2 Ba4 33. Qa3
Qxa3 34. bxa3 Nc2 35. Bb2 Nd4 36. Bd3 Nd7 37. Ngf1 Bf6 38. Kg3 Bd8 39. Bc3
Nc2 40. Bxc2 Bxc2 41. Ne3 Ba4 42. Nb1 Bb3 43. Nd2 Ba4 44. Nb1 Bb3 45. Be1
Kf8 46. Kg2 Ke7 47. Kf1 Nb8 48. Ke2 Kd7 49. Kd3 Kc8 50. Nc3 Kb7 51. Kd2 Nd7
52. Kd3 Ba5 53. Bd2 Nb6 54. Nb1 Bxd2 55. Nxd2 Ba4 56. g5 Bd7 57. Nd1 Ka6 58.
Nc3 Ka5 59. Kc2 Na4 60. Nxa4 Kxa4 61. Kb2 Bh3 62. Nb1 Bg2 63. Nc3+ Ka5 64.
Nb5 Bxf3 65. Nxd6 Be2 66. Nxf7 Bxc4 67. Nxe5 Bb5 68. d6 Kb6 69. d7 Kc7 70.
Kc3 Bxd7 71. Kc4 Be6+ 72. Kxc5 Kb7 73. Kd4 Ka6 74. Ke3 Ka5 75. Kf4 Ka4 76.
Nxg6 Kxa3 77. Nf8 Kb4 78. Nxe6 {Black forfeits on time} 1-0

[Event "ICCopen2017"]
[Site "Internet Chess Club"]
[Date "2017.03.19"]
[Round "4"]
[White "vsqk"]
[Black "METALCHESS"]
[Result "1-0"]
[ICCResult "Black forfeits on time"]
[WhiteElo "1812"]
[BlackElo "1986"]
[Opening "Sicilian"]
[ECO "B50"]
[NIC "SI.01"]
[Time "19:49:17"]
[TimeControl "180+0"]

1. e4 c5 2. Nf3 d6 3. Be2 Nf6 4. d3 g6 5. c3 Bg7 6. h3 O-O 7. Bg5 Nc6 8.
Nbd2 Rb8 9. a3 Bd7 10. Rb1 b5 11. O-O a5 12. Re1 b4 13. Nc4 Qc7 14. Bf1 Rfe8
15. Bf4 Be6 16. e5 dxe5 17. Ncxe5 Nd5 18. Bg3 Nxe5 19. Nxe5 Qb7 20. axb4
cxb4 21. c4 Nf6 22. d4 Bf5 23. Rc1 Rbc8 24. d5 Red8 25. Qe2 e6 26. Nc6 Re8
27. Nxa5 Qa6 28. Ra1 exd5 29. Qd2 dxc4 30. Qxb4 Nd5 31. Rxe8+ Rxe8 32. Qa4
Ra8 33. Bxc4 Qe6 34. Qb5 Rd8 35. Rd1 Be4 36. f3 Bxf3 37. gxf3 Qe3+ 38. Bf2
Qxf3 39. Bxd5 Qxh3 40. Bg2 Rxd1+ 41. Qf1 Rxf1+ 42. Kxf1 Qg4 43. Nb3 Qb4 44.
Nd4 Qxb2 45. Ne2 Qb1+ 46. Be1 Bd4 47. Nxd4 Qf5+ 48. Nf3 Qe4 49. Kf2 Qf4 50.
Bd2 g5 51. Bxf4 gxf4 52. Ne5 Kg7 53. Ng4 Kg6 54. Kf3 f5 55. Nf2 Kg5 56. Bh3
{Black forfeits on time}
1-0

[Event "ICCopen2017"]
[Site "Internet Chess Club"]
[Date "2017.03.19"]
[Round "4"]
[White "DaGame"]
[Black "YKQ"]
[Result "1-0"]
[ICCResult "Black forfeits on time"]
[WhiteElo "2749"]
[BlackElo "2484"]
[Opening "English: Neo-Catalan declined"]
[ECO "E06"]
[NIC "CA.05"]
[Time "19:49:17"]
[TimeControl "180+0"]

1. Nf3 Nf6 2. g3 d5 3. Bg2 e6 4. c4 Be7 5. O-O O-O 6. d4 dxc4 7. Qc2 a6 8.
a4 Bd7 9. Qxc4 Bc6 10. Bf4 a5 11. Nc3 Na6 12. Ne5 Bxg2 13. Kxg2 c6 14. Bg5
Nd5 15. Bxe7 Qxe7 16. Ne4 Rfd8 17. e3 h6 18. h4 Rac8 19. Rac1 Qb4 20. Qxb4
Ndxb4 21. Nc5 Nxc5 22. Rxc5 Rd5 23. Rfc1 Rxc5 24. Rxc5 b6 25. Rc4 Rc7 26.
Rc1 f6 27. Nc4 Rb7 28. g4 Kf8 29. f4 Ke7 30. Kf3 Nd3 31. Rd1 Nb4 32. g5 hxg5
33. hxg5 Rb8 34. gxf6+ Kxf6 35. Ne5 Rh8 36. Rg1 Rh3+ 37. Ke4 Rh6 38. Nd7+
Kf7 39. Nxb6 Rh2 40. Nc4 Rc2 41. Nxa5 Rxb2 42. Nc4 Ra2 43. a5 Nd5 44. Ne5+
Kf8 45. Nxc6 Ra3 46. Rg3 Nc3+ 47. Ke5 Nd1 48. Kxe6 Nxe3 49. Ne5 Rxa5 50.
Rxe3 Ra6+ 51. Kf5 Ra5 52. Ke4 Ra6 53. Rc3 Ra5 54. Rc8+ Ke7 55. Rc7+ Kd6 56.
Rxg7 Ra1 57. Rg6+ Ke7 58. Rg7+ Kd6 59. Rg6+ Ke7 60. Kf5 Rd1 61. Rg7+ Kf8 62.
Ra7 Rxd4 63. Ng6+ Kg8 64. Ne5 Kf8 65. Ke6 Rxf4 66. Ng6+ Ke8 67. Nxf4 Kd8 68.
Nd5 {Black forfeits on time} 1-0

[Event "ICCopen2017"]
[Site "Internet Chess Club"]
[Date "2017.03.19"]
[Round "4"]
[White "kaens"]
[Black "GoogleGirl"]
[Result "1-0"]
[ICCResult "Black checkmated"]
[WhiteElo "2258"]
[BlackElo "1833"]
[Opening "French: Two knights variation"]
[ECO "C00"]
[NIC "FR.01"]
[Time "19:48:38"]
[TimeControl "180+0"]

1. e4 e6 2. Nf3 d5 3. Nc3 Nf6 4. e5 Nfd7 5. d4 c5 6. dxc5 Bxc5 7. Bd3 Nc6 8.
Bf4 a6 9. O-O Be7 10. Bg3 O-O 11. Re1 b5 12. Ne2 Nc5 13. Nf4 Nxd3 14. Qxd3
Bb7 15. Nh5 Rc8 16. a3 Na5 17. c3 Nc4 18. Re2 Qc7 19. h3 Rfd8 20. Nh2 Qb6
21. Ng4 d4 22. Kh2 dxc3 23. Qxc3 Nd2 24. Qxd2 Rxd2 25. Rxd2 Qc6 26. f3 b4
27. Bf4 bxa3 28. bxa3 Qc3 29. Rb1 Bd5 30. Rdb2 h6 31. Re2 Bxa3 32. Ng3 Be7
33. Rc1 Qxc1 34. Bxc1 Rxc1 35. Ne3 Rc8 36. Nxd5 exd5 37. Ra2 Ra8 38. Nf5 Bf8
39. Kg3 g6 40. Nd4 a5 41. Ra4 Bc5 42. Nc6 d4 43. Nxd4 Bxd4 44. Rxd4 a4 45.
Rd2 a3 46. Ra2 Kf8 47. f4 Ke7 48. Kf3 Ke6 49. Ke4 f6 50. exf6 Kxf6 51. g4
Ra4+ 52. Ke3 g5 53. f5 Ra5 54. Kf3 Re5 55. Rxa3 Kf7 56. Ra7+ Kf6 57. Ra6+
Kg7 58. Rg6+ Kh7 59. h4 Re8 60. hxg5 hxg5 61. Rxg5 Ra8 62. Rh5+ Kg7 63. Kf4
Kf6 64. Rh6+ Kf7 65. Rg6 Ra4+ 66. Kg5 Ra5 67. Rf6+ Kg7 68. Rg6+ Kh7 69. Re6
Kh8 70. Kh5 Kg8 71. Kg6 Ra1 72. Re8# {Black checkmated} 1-0

[Event "ICCopen2017"]
[Site "Internet Chess Club"]
[Date "2017.03.19"]
[Round "4"]
[White "Ancient"]
[Black "Dupinpon"]
[Result "1-0"]
[ICCResult "Black forfeits on time"]
[WhiteElo "2015"]
[BlackElo "1594"]
[Opening "Sicilian: Najdorf"]
[ECO "B90"]
[NIC "SI.14"]
[Time "19:49:06"]
[TimeControl "180+0"]

1. e4 c5 2. Nf3 d6 3. d4 cxd4 4. Nxd4 Nf6 5. Nc3 a6 6. Bd3 e5 7. Nde2 Be7 8.
O-O O-O 9. Kh1 Be6 10. f4 Qc7 11. Ng3 Nbd7 12. fxe5 Nxe5 13. Nf5 Bxf5 14.
Rxf5 b5 15. Bg5 b4 16. Nd5 Nxd5 17. exd5 Bxg5 18. Rxg5 Nxd3 19. Qxd3 Rac8
20. Rc1 Qc4 21. Qg3 Qd4 22. c3 bxc3 23. bxc3 Qf6 24. c4 Rxc4 25. Rxg7+ Qxg7
26. Rxc4 Qxg3 27. hxg3 Rb8 28. Rc6 Rb2 29. Rxa6 Kf8 30. Kh2 Ke7 31. g4 Rb5
32. Ra7+ Kf6 33. g5+ Kxg5 34. Rxf7 Rxd5 35. Rxh7 Ra5 36. Rd7 d5 37. a4 Kf4
38. Kh3 Ke5 39. Kg3 Rxa4 40. Kf3 Ra3+ 41. Kf2 Ke4 42. Re7+ Kf5 43. Re2 d4
44. Rd2 d3 45. g3 Ke4 46. g4 Ra5 47. g5 Rxg5 48. Rb2 {Black forfeits on
time} 1-0

[Event "ICCopen2017"]
[Site "Internet Chess Club"]
[Date "2017.03.19"]
[Round "4"]
[White "Colombiano07"]
[Black "giovana64"]
[Result "1-0"]
[ICCResult "Black resigns"]
[WhiteElo "1984"]
[BlackElo "1491"]
[Opening "Sicilian: accelerated fianchetto, Maróczy bind"]
[ECO "B36"]
[NIC "SI.33"]
[Time "19:49:53"]
[TimeControl "180+0"]

1. d4 c5 2. e4 cxd4 3. Nf3 Nc6 4. Nxd4 g6 5. c4 Nf6 6. Nc3 d6 7. Be2 Nxd4 8.
Qxd4 Bg7 9. Bg5 O-O 10. O-O h6 11. Bh4 g5 12. Bg3 Nh5 13. Qe3 Nxg3 14. Qxg3
a5 15. Rac1 Be6 16. b3 Be5 17. Qd3 Qb6 18. Nd5 Bxd5 19. Qxd5 a4 20. c5 Qc6
21. cxd6 Qxd5 22. exd5 Bxd6 23. Bg4 axb3 24. axb3 f5 25. Be2 Rfc8 26. Bb5
Bf4 27. Rce1 Kf7 28. Bd7 Rc2 29. Bxf5 Rb2 30. d6 exd6 31. g3 Be5 32. Be4
Raa2 33. Bxb7 Kf6 34. Bd5 Rd2 35. Rd1 Kf5 36. Rxd2 Rxd2 37. Kg2 Rb2 38. Kf3
Bd4 39. Kg2 g4 40. Bg8 Kg5 41. Be6 Kf6 42. Bxg4 Ke5 43. Bd1 d5 44. Kf3 Bc5
45. Re1+ Kd6 46. Re2 d4 47. Rxb2 Kd5 48. b4 Bb6 49. Bb3+ {Black resigns} 1-0

[Event "ICCopen2017"]
[Site "Internet Chess Club"]
[Date "2017.03.19"]
[Round "4"]
[White "Bojack"]
[Black "DreadHead"]
[Result "0-1"]
[ICCResult "White checkmated"]
[WhiteElo "1856"]
[BlackElo "2433"]
[Opening "Pirc: classical (two knights) system"]
[ECO "B06"]
[NIC "PU.10"]
[Time "19:50:06"]
[TimeControl "180+0"]

1. e4 g6 2. d4 Bg7 3. Nf3 d6 4. Nc3 Nf6 5. Bc4 O-O 6. O-O Nc6 7. e5 Ne8 8.
Qe2 Bg4 9. Qe4 Bxf3 10. Qxf3 dxe5 11. dxe5 Nxe5 12. Qe2 Nxc4 13. Qxc4 Nd6
14. Qb3 c6 15. Bg5 Re8 16. Rfe1 Qc7 17. Rad1 h6 18. Bf4 e5 19. Bg3 Nf5 20.
Ne4 Nxg3 21. hxg3 Rad8 22. Nc5 b6 23. Ne4 Kh7 24. Qf3 f5 25. Nc3 e4 26. Qe3
h5 27. Ne2 Bxb2 28. c3 Ba3 29. Nf4 Bc5 30. Qe2 Kh6 31. Qc4 g5 32. Ne2 Qe5
33. Qf7 Re7 34. Qc4 b5 35. Qb3 Rf8 36. c4 b4 37. Qa4 Rf6 38. Rd8 f4 39. gxf4
gxf4 40. Qd1 f3 41. Qd2+ e3 42. Rh8+ Kg7 43. Qd8 exf2+ 44. Kf1 Qxe2+ 45.
Rxe2 fxe2# {White checkmated} 0-1

[Event "ICCopen2017"]
[Site "Internet Chess Club"]
[Date "2017.03.19"]
[Round "4"]
[White "GrandPatzer5"]
[Black "Spirals"]
[Result "0-1"]
[ICCResult "White checkmated"]
[WhiteElo "1844"]
[BlackElo "2110"]
[Opening "Dunst (Sleipner, Heinrichsen) opening"]
[ECO "A00"]
[NIC "VO.15"]
[Time "19:49:42"]
[TimeControl "180+0"]

1. Nc3 d5 2. e4 e6 3. exd5 exd5 4. d4 Nf6 5. Bd3 Bd6 6. Nf3 O-O 7. Ne2 h6 8.
O-O Re8 9. Ng3 Nc6 10. c3 Ne4 11. Qc2 Nxg3 12. fxg3 Be6 13. Bd2 a6 14. Rae1
Bf8 15. Nh4 b5 16. Re2 Na5 17. Ref2 Nc4 18. Bc1 Nd6 19. Nf5 Nxf5 20. Bxf5
Bxf5 21. Rxf5 Re7 22. Qf2 Qd7 23. g4 Rae8 24. g5 g6 25. Rf3 h5 26. Bf4 Bg7
27. Be5 Bxe5 28. dxe5 Qe6 29. Qd4 Qxe5 30. Qxe5 Rxe5 31. Rxf7 R5e7 32. R7f6
Re6 33. h4 R8e7 34. g3 Kg7 35. Kg2 Re2+ 36. R1f2 Rxf2+ 37. Kxf2 Rf7 38.
Rxf7+ Kxf7 39. g4 hxg4 40. Kg3 Ke6 41. Kxg4 c5 42. Kf4 Kd6 43. Kf3 Ke5 44.
Ke3 Kf5 45. Kf3 d4 46. cxd4 cxd4 47. b4 d3 48. Ke3 Kg4 49. Kxd3 Kxh4 50. Ke4
Kxg5 51. Kf3 Kh4 52. Kf2 Kh3 53. Kf3 g5 54. Kf2 g4 55. Kf1 Kh2 56. Kf2 g3+
57. Ke3 g2 58. Ke4 g1=Q 59. Kd5 Qa1 60. Kc5 Qxa2 61. Kb6 Qa4 62. Kc5 Kg3 63.
Kb6 Qxb4 64. Ka7 Qc3 65. Kxa6 b4 66. Ka7 b3 67. Kb6 b2 68. Kb5 b1=Q+ 69. Ka6
Qca1# {White checkmated} 0-1

[Event "ICCopen2017"]
[Site "Internet Chess Club"]
[Date "2017.03.19"]
[Round "4"]
[White "Svinotigr"]
[Black "colombier"]
[Result "1-0"]
[ICCResult "Black forfeits on time"]
[WhiteElo "1669"]
[BlackElo "1365"]
[Opening "Réti: old Indian attack"]
[ECO "A06"]
[NIC "QP.09"]
[Time "19:49:40"]
[TimeControl "180+0"]

1. Nf3 d5 2. d3 Nc6 3. Nbd2 e5 4. e4 d4 5. g3 Nf6 6. h4 Be6 7. Bg2 Bb4 8. a3
Ba5 9. b4 Bb6 10. O-O Qd6 11. Re1 O-O 12. Nf1 Rae8 13. N1h2 Bc8 14. Rf1 Ng4
15. Bd2 f5 16. exf5 Bxf5 17. Ng5 Nxh2 18. Kxh2 Ne7 19. Ne4 Bxe4 20. Bxe4 c6
21. Qh5 Ng6 22. Qe2 Bd8 23. h5 Ne7 24. Kg2 Nf5 25. Qg4 Nh6 26. Qe2 Qe6 27.
a4 Rf7 28. a5 Ref8 29. a6 b6 30. c4 Kh8 31. b5 Ng4 32. f3 Nf6 33. bxc6 Nxe4
34. Qxe4 Bc7 35. Rae1 h6 36. Rf2 Rf5 37. Rh1 Qf7 38. Rh4 Rxh5 39. Rxh5 Qxh5
40. Re2 Qf7 41. Rf2 g5 42. Bb4 Bd6 43. Bxd6 Qe6 44. Bxe5+ Kg8 45. Qxd4
{Black forfeits on time}
1-0

[Event "ICCopen2017"]
[Site "Internet Chess Club"]
[Date "2017.03.19"]
[Round "4"]
[White "Voltage"]
[Black "findles"]
[Result "1-0"]
[ICCResult "Black forfeits on time"]
[WhiteElo "2376"]
[BlackElo "1832"]
[Opening "Benoni: Nimzovich (knight's tour) variation"]
[ECO "A61"]
[NIC "BI.27"]
[Time "19:49:56"]
[TimeControl "180+0"]

1. d4 Nf6 2. c4 c5 3. d5 e6 4. Nc3 exd5 5. cxd5 d6 6. Nf3 g6 7. Nd2 Nbd7 8.
e4 Bg7 9. Nc4 Nb6 10. Ne3 O-O 11. Bd3 Re8 12. O-O Bd7 13. a4 a6 14. a5 Nc8
15. Nc4 Bb5 16. f3 Na7 17. Nb6 Rb8 18. Qe2 Bxd3 19. Qxd3 Nd7 20. Nca4 Nb5
21. Rb1 Ne5 22. Qd1 f5 23. exf5 gxf5 24. Nc3 Nd4 25. b4 Qh4 26. bxc5 dxc5
27. d6 Rbd8 28. Ncd5 Rxd6 29. Bb2 Red8 30. Bxd4 cxd4 31. g3 Qh5 32. Nf4 Qf7
33. Rc1 d3 34. Qd2 Nc6 35. Kg2 Bh6 36. Rfe1 Qb3 37. Rcd1 Qb4 38. Qxb4 Nxb4
39. Nc4 Bxf4 40. gxf4 Rd4 41. Ne5 Rxf4 42. Kg3 Rfd4 43. f4 d2 44. Re2 Nc2
45. Nf3 Rd3 46. Kg2 Nb4 47. Rdxd2 Rxd2 48. Rxd2 Rxd2+ 49. Nxd2 Nc6 50. Nc4
Kf7 51. Nd6+ Ke6 52. Nxb7 Kd7 53. Nc5+ {Black forfeits on time} 1-0

[Event "ICCopen2017"]
[Site "Internet Chess Club"]
[Date "2017.03.19"]
[Round "4"]
[White "wagnerbi"]
[Black "AlonzoMosely"]
[Result "1-0"]
[ICCResult "Black forfeits on time"]
[WhiteElo "1914"]
[BlackElo "2285"]
[Opening "Réti: King's Indian attack"]
[ECO "A08"]
[NIC "QP.10"]
[Time "19:49:37"]
[TimeControl "180+0"]

1. Nf3 c5 2. g3 d5 3. Bg2 Nc6 4. d4 Nf6 5. O-O e6 6. c4 dxc4 7. Qa4 Bd7 8.
dxc5 Na5 9. Qa3 Qc7 10. Bd2 Nc6 11. Nc3 Qa5 12. Qxa5 Nxa5 13. Be3 Rc8 14. b4
cxb3 15. axb3 Bxc5 16. Bxc5 Rxc5 17. b4 Rxc3 18. Rxa5 a6 19. Ne5 Bc8 20. b5
Rc5 21. Nd3 Rxb5 22. Rxb5 axb5 23. Rb1 O-O 24. Rxb5 Rd8 25. h3 Nd5 26. Kh2
Kf8 27. Nc5 b6 28. Na4 Bd7 29. Rxd5 exd5 30. Nxb6 Bc6 31. e3 Ke7 32. e4 dxe4
33. Nc4 Ke6 34. Ne3 Rd2 35. Kg1 f5 36. h4 g6 37. Bh3 h6 38. Bf1 Ke5 39. Nc4+
Kd4 40. Nxd2 f4 41. Nc4 fxg3 42. fxg3 e3 43. Be2 Be4 44. Kf1 g5 45. Nb6
{Black forfeits on time}
1-0

[Event "ICCopen2017"]
[Site "Internet Chess Club"]
[Date "2017.03.19"]
[Round "4"]
[White "Reti"]
[Black "nikenwidiartto"]
[Result "0-1"]
[ICCResult "White forfeits on time"]
[WhiteElo "2210"]
[BlackElo "1795"]
[Opening "Scandinavian defense"]
[ECO "B01"]
[NIC "SD.03"]
[Time "19:49:26"]
[TimeControl "180+0"]

1. e4 d5 2. exd5 Nf6 3. Nf3 Qxd5 4. Nc3 Qa5 5. d4 c6 6. Bc4 Bg4 7. h3 Bh5 8.
g4 Bg6 9. Ne5 Nbd7 10. Qe2 e6 11. h4 Be4 12. f3 Bd5 13. Bd2 Bxc4 14. Nxc4
Qc7 15. O-O-O O-O-O 16. Kb1 Nb6 17. Bg5 Nxc4 18. Qxc4 Be7 19. a3 Nd5 20. Bd2
Nxc3+ 21. Bxc3 h5 22. g5 g6 23. Qa4 Rd5 24. Qxa7 Rhd8 25. Qa8+ Qb8 26. Qa4
Qf4 27. Rd3 c5 28. Qc4 Kb8 29. Bd2 Qf5 30. Bc3 cxd4 31. Rxd4 Qxf3 32. Rhd1
Qxd1+ 33. Rxd1 Rxd1+ 34. Ka2 R1d5 35. Qe4 Bc5 36. Be5+ Bd6 37. Bxd6+ R8xd6
38. c4 Rd2 39. Qe5 Ka8 40. Qa5+ Kb8 41. c5 R6d5 42. Qb6 Kc8 43. c6 bxc6 44.
Qxc6+ Kd8 45. a4 Rg2 46. Qa8+ Ke7 47. Qb7+ Kd6 48. Qb4+ Ke5 49. Qc3+ Kf4 50.
Qb3 Rdd2 51. Qb4+ Kg3 52. a5 Rxb2+ 53. Qxb2 Rxb2+ 54. Kxb2 Kxh4 55. a6 e5
56. a7 Kxg5 57. a8=Q Kf5 58. Qb7 f6 59. Qe7 Kg5 60. Qd6 Kf5 61. Qd2 Ke6 62.
Qe2 Kf5 63. Qg2 Ke6 64. Qf2 Kf7 65. Qf1 Ke6 66. Qe2 Ke7 67. Qc4 Kd6
{White forfeits on time}
0-1

[Event "ICCopen2017"]
[Site "Internet Chess Club"]
[Date "2017.03.19"]
[Round "4"]
[White "J575"]
[Black "jcgs1030"]
[Result "1-0"]
[ICCResult "Black forfeits on time"]
[WhiteElo "1646"]
[BlackElo "1965"]
[Opening "Sicilian: Canal-Sokolsky (Nimzovich-Rossolimo, Moscow) attack"]
[ECO "B51"]
[NIC "SI.01"]
[Time "19:49:53"]
[TimeControl "180+0"]

1. e4 c5 2. Nf3 d6 3. Bb5+ Nc6 4. O-O Bd7 5. Re1 a6 6. Bf1 Bg4 7. h3 Bh5 8.
c3 Nf6 9. d4 cxd4 10. cxd4 Bxf3 11. gxf3 g6 12. Nc3 Bg7 13. Bf4 Nh5 14. Be3
O-O 15. Kh1 Rc8 16. Be2 e6 17. Rg1 Qh4 18. Bf1 f5 19. Bg5 Qxf2 20. d5 Bd4
21. Rg2 Ng3+ 22. Kh2 Nxf1+ 23. Qxf1 Qxf1 24. Rxf1 exd5 25. exd5 Ne5 26. Ne2
Bxb2 27. Be7 Rfe8 28. Bxd6 Rc2 29. Nf4 Rxg2+ 30. Kxg2 Nc4 31. Bc5 Be5 32.
Ne6 Bd6 33. Rc1 b5 34. Bxd6 Nxd6 35. Rc6 Nc4 36. Rxa6 Ne3+ 37. Kf2
{Black forfeits on time}
1-0

[Event "ICCopen2017"]
[Site "Internet Chess Club"]
[Date "2017.03.19"]
[Round "4"]
[White "subterfuge"]
[Black "cloak1"]
[Result "0-1"]
[ICCResult "White resigns"]
[WhiteElo "1507"]
[BlackElo "1883"]
[Opening "Queen's gambit accepted"]
[ECO "D20"]
[NIC "QG.03"]
[Time "19:51:22"]
[TimeControl "180+0"]

1. d4 d5 2. c4 dxc4 3. Nc3 c6 4. a4 e5 5. e3 exd4 6. exd4 Nf6 7. Bxc4 Be7 8.
Nf3 O-O 9. O-O Nbd7 10. Be3 Nb6 11. Bd3 Nbd5 12. Bd2 Bd6 13. h3 Nf4 14. Bc2
Re8 15. Re1 Be6 16. Ne5 N4d5 17. Qf3 Nb4 18. Bb1 Be7 19. Ne2 Qc7 20. g4 Bd5
21. Qg3 Ne4 22. Bxe4 Bxe4 23. Nc3 Bg6 24. f4 f6 25. Nxg6 hxg6 26. f5 Qxg3+
{White resigns}
0-1

[Event "ICCopen2017"]
[Site "Internet Chess Club"]
[Date "2017.03.19"]
[Round "4"]
[White "patterncircular"]
[Black "shredded"]
[Result "0-1"]
[ICCResult "White forfeits on time"]
[WhiteElo "2112"]
[BlackElo "2779"]
[Opening "Réti opening"]
[ECO "A04"]
[NIC "QP.11"]
[Time "19:49:53"]
[TimeControl "180+0"]

1. Nf3 b6 2. d3 Bb7 3. c3 g6 4. Bf4 Bg7 5. Nbd2 d6 6. e4 e6 7. Be2 Nf6 8. h3
h6 9. Qc2 Nbd7 10. O-O O-O 11. Rfe1 Qe7 12. Rad1 Rae8 13. a3 Nh5 14. Bh2 Qf6
15. d4 Nf4 16. Bxf4 Qxf4 17. g3 Qf6 18. Bf1 Rd8 19. Bg2 Qe7 20. b4 c5 21. b5
cxd4 22. cxd4 Rc8 23. Qa4 Rc7 24. Rc1 Nf6 25. e5 Nd5 26. Rxc7 Qxc7 27. Nc4
dxe5 28. dxe5 Nc3 29. Qb3 Bd5 30. Qxc3 Qxc4 31. Qxc4 Bxc4 32. a4 Bd5 33. Nd4
Bxg2 34. Kxg2 a6 35. Nc6 axb5 36. axb5 Ra8 37. Rd1 Bf8 38. Rd8 Rxd8 39. Nxd8
Ba3 40. Nc6 Kf8 41. Kf3 Ke8 42. Ke4 Kd7 43. f4 Bc5 44. g4 Ke8 45. h4 Kd7 46.
h5 Ke8 47. hxg6 fxg6 48. Na7 h5 49. gxh5 gxh5 50. Kf3 Kf7 51. Kg3 Kg6 52.
Kh4 Kf5 53. Nc8 Kxf4 54. Kxh5 Kxe5 55. Ne7 Bxe7 56. Kg6 Kd5 57. Kf7 Kc5 58.
Kxe7 Kxb5 59. Kxe6 Kc4 60. Ke5 b5 61. Ke4 b4 62. Ke3 Kc3 63. Ke2 Kc2 64. Ke3
b3 65. Ke4 b2 66. Kd5 b1=Q 67. Kd6 Qb3 68. Kd7 Qd3+ 69. Ke6 Kc3 70. Kf6 Qd4+
71. Kf7 Kc4 72. Kg8 Qd5+ {White forfeits on time} 0-1

[Event "ICCopen2017"]
[Site "Internet Chess Club"]
[Date "2017.03.19"]
[Round "4"]
[White "Trinity8"]
[Black "MichaelBelikow"]
[Result "1-0"]
[ICCResult "Black checkmated"]
[WhiteElo "1370"]
[BlackElo "1420"]
[Opening "Philidor's defense"]
[ECO "C41"]
[NIC "KP.10"]
[Time "19:52:46"]
[TimeControl "180+0"]

1. e4 e5 2. Nf3 d6 3. Bc4 Be7 4. d3 Nf6 5. c3 O-O 6. Bb3 Nc6 7. Nbd2 Bg4 8.
O-O h6 9. h3 Bh5 10. Re1 Bg6 11. Nf1 Nd7 12. Ng3 Kh8 13. d4 exd4 14. cxd4
Bh4 15. Nxh4 Qxh4 16. Bc2 Nf6 17. b3 Rae8 18. d5 Nd8 19. Qd4 c6 20. dxc6
bxc6 21. Bb2 c5 22. Qxd6 Kg8 23. Qxc5 Ne6 24. Qxa7 Nf4 25. Qe3 Qg5 26. Bc1
Nxh3+ 27. gxh3 Qxe3 28. Bxe3 Nxe4 29. Nxe4 Bxe4 30. Bxe4 Rxe4 31. a4 Rfe8
32. a5 f5 33. a6 f4 34. Bd2 Rxe1+ 35. Bxe1 Ra8 36. b4 g5 37. b5 Kf7 38. b6
Ke6 39. b7 Rd8 40. a7 Rd7 41. b8=Q Rd6 42. a8=Q Kf5 43. Qxd6 g4 44. Ra5#
{Black checkmated}
1-0

[Event "ICCopen2017"]
[Site "Internet Chess Club"]
[Date "2017.03.19"]
[Round "4"]
[White "bennywins"]
[Black "kamalchandran"]
[Result "1-0"]
[ICCResult "Black forfeits on time"]
[WhiteElo "1478"]
[BlackElo "1761"]
[Opening "King's Indian, 3.Nf3"]
[ECO "E61"]
[NIC "QP.06"]
[Time "19:49:26"]
[TimeControl "180+0"]

1. Nf3 Nf6 2. d4 g6 3. c4 Bg7 4. Nc3 O-O 5. e3 d6 6. Be2 Nc6 7. O-O Re8 8.
Bd2 Bg4 9. a3 e5 10. d5 Ne7 11. e4 Nd7 12. h3 Bxf3 13. Bxf3 f5 14. exf5 Nxf5
15. Qb3 Nd4 16. Qxb7 Nxf3+ 17. gxf3 Nc5 18. Qc6 Nb3 19. Rad1 Nxd2 20. Rxd2
Qg5+ 21. Kh2 Qxd2 22. Nb5 Qf4+ 23. Kg2 Rf8 24. Nxc7 Qxf3+ 25. Kh2 Bh6 26.
Qxd6 Bf4+ 27. Kg1 Qxh3 28. Qe6+ Qxe6 29. Nxe6 Rfc8 30. b3 Rab8 31. d6 Kf7
32. Nxf4 exf4 33. Rd1 Rxb3 34. d7 Rd8 35. c5 Rc3 36. Rd5 Rxa3 37. c6 Rc3 38.
c7 Rxc7 39. Kg2 Rcxd7 40. Ra5 Rb8 41. Ra1 Rb5 42. Rh1 a5 43. Rxh7+ Ke6 44.
Rh6 Kf5 45. Rh8 g5 46. Rh1 Ra7 47. Rc1 a4 48. Rc8 a3 49. Rf8+ Kg6 50. Rc8
Rb2 51. Rc6+ Kh5 52. Rc8 a2 53. Rh8+ Kg4 54. Rg8 Kf5 55. Rf8+ Ke6 56. Re8+
Kd7 57. Rh8 a1=Q 58. Rh7+ Kc6 59. Rh6+ Kc5 60. Rg6 Kc4 61. Rc6+ Kb3 62. Rc3+
Ka2 63. Kf3 Rxf2+ 64. Kg4 {Black forfeits on time} 1-0

[Event "ICCopen2017"]
[Site "Internet Chess Club"]
[Date "2017.03.19"]
[Round "5"]
[White "Kusox"]
[Black "Barbos"]
[Result "1-0"]
[ICCResult "Black resigns"]
[WhiteElo "2112"]
[BlackElo "2500"]
[Opening "Queen's pawn game"]
[ECO "A46"]
[NIC "QP.06"]
[Time "19:59:32"]
[TimeControl "180+0"]

1. d4 Nf6 2. Nf3 e6 3. c3 d5 4. Bf4 c5 5. e3 Nc6 6. Nbd2 Bd6 7. Bg3 Qe7 8.
Bd3 O-O 9. Qe2 h6 10. O-O Bxg3 11. hxg3 e5 12. dxe5 Qxe5 13. Nxe5
{Black resigns}
1-0